| TOP OF THE 1ST |
|
Trenton Thunder batting - Pitching for Arkansas Travelers : RHP Robbie Delgado
|
|
Pitching: RHP Robbie Delgado
|
|
|
Batting: LHB Frank Mullen
|
0-0: Called Strike 0-1: Ball 1-1: Foul Ball, location: 2F 1-2: Strikes out swinging
|
|
Batting: SHB David Bantista
|
0-0: Ground out 3-1 (Groundball, 34S, EV 81.9 MPH)
|
|
Batting: RHB Ryan Alban
|
0-0: Called Strike 0-1: Ball 1-1: Ball 2-1: Ball 3-1: Called Strike 3-2: Strikes out looking
|
| Top of the 1st over - 0 runs, 0 hits, 0 errors, 0 left on base; Trenton 0 - Arkansas 0 |
| BOTTOM OF THE 1ST |
|
Arkansas Travelers batting - Pitching for Trenton Thunder : RHP Leo Kammerling
|
|
Pitching: RHP Leo Kammerling
|
|
|
Batting: RHB Jose Pineda
|
0-0: Called Strike 0-1: Called Strike 0-2: Ball 1-2: Strikes out swinging
|
|
Batting: RHB Bjoern Waltersson
|
0-0: Called Strike 0-1: Ball 1-1: Swinging Strike 1-2: Strikes out swinging
|
|
Batting: RHB Jasper Burd
|
0-0: Called Strike 0-1: Called Strike 0-2: Ball 1-2: Foul Ball, location: 2F 1-2: Foul Ball, location: 2F 1-2: Ball 2-2: Ball 3-2: Strikes out swinging
|
| Bottom of the 1st over - 0 runs, 0 hits, 0 errors, 0 left on base; Trenton 0 - Arkansas 0 |
| TOP OF THE 2ND |
|
Trenton Thunder batting - Pitching for Arkansas Travelers : RHP Robbie Delgado
|
|
Batting: RHB Jeremy Lewis
|
0-0: Ball 1-0: Called Strike 1-1: Called Strike 1-2: Ground out 4-3 (Groundball, 34, EV 99.4 MPH)
|
|
Batting: SHB Bobby Reynolds
|
0-0: Ball 1-0: Fly out, F7 (Flyball, 7D, EV 97.5 MPH)
|
|
Batting: RHB Stu Rancourt
|
0-0: Called Strike 0-1: Fly out, F4 (Popup, 4M, EV 58.1 MPH)
|
| Top of the 2nd over - 0 runs, 0 hits, 0 errors, 0 left on base; Trenton 0 - Arkansas 0 |
| BOTTOM OF THE 2ND |
|
Arkansas Travelers batting - Pitching for Trenton Thunder : RHP Leo Kammerling
|
|
Batting: SHB Mario Padron
|
0-0: Ball 1-0: Called Strike 1-1: Foul Ball, location: 2F 1-2: Foul Ball, location: 2F 1-2: Foul Ball, location: 2F 1-2: Foul Ball, location: 2F 1-2: Ground out U3 (Groundball, 34, EV 107.5 MPH)
|
|
Batting: LHB Matt Calitri
|
0-0: Called Strike 0-1: Ball 1-1: Ball 2-1: Called Strike 2-2: Foul Ball, location: 2F 2-2: Strikes out swinging
|
|
Batting: LHB Tyler Meier
|
0-0: Foul Ball, location: 2F 0-1: Ball 1-1: Foul Ball, location: 2F 1-2: Ball 2-2: Foul Ball, location: 2F 2-2: Ball 3-2: Fly out, F8 (Line Drive, 8LD, EV 93.8 MPH)
|
| Bottom of the 2nd over - 0 runs, 0 hits, 0 errors, 0 left on base; Trenton 0 - Arkansas 0 |
| TOP OF THE 3RD |
|
Trenton Thunder batting - Pitching for Arkansas Travelers : RHP Robbie Delgado
|
|
Batting: RHB Alex Harvey
|
0-0: Ball 1-0: Ball 2-0: Foul Ball, location: 2F 2-1: Called Strike 2-2: Ball 3-2: Foul Ball, location: 2F 3-2: Strikes out swinging wild pitch, reaches first!
|
|
Batting: RHB Herb Craig
|
0-0: Ball 1-0: Ball 2-0: Fly out, F9 (Flyball, 9LM, EV 105.6 MPH)
|
|
Batting: RHB Jose Garza
|
0-0: Ball 1-0: SINGLE (Line Drive, 6D, EV 95.6 MPH) Alex Harvey to second
|
|
Batting: LHB Frank Mullen
|
0-0: Fielders Choice at 2nd, 4-6 (Groundball, 4, EV 103.8 MPH) Alex Harvey to third
|
|
Batting: SHB David Bantista
|
0-0: Ball 1-0: Swinging Strike 1-1: Foul Ball, location: 2F 1-2: Ball 2-2: Ball 3-2: Foul Ball, location: 2F 3-2: Fly out, F3 (Popup, 3SF, EV 86.3 MPH)
|
| Top of the 3rd over - 0 runs, 1 hit, 0 errors, 2 left on base; Trenton 0 - Arkansas 0 |
| BOTTOM OF THE 3RD |
|
Arkansas Travelers batting - Pitching for Trenton Thunder : RHP Leo Kammerling
|
|
Batting: LHB Barrfhionn O'Toole
|
0-0: Ball 1-0: Called Strike 1-1: Called Strike 1-2: Ball 2-2: DOUBLE (Flyball, 8LXD, EV 102.5 MPH)
|
|
Batting: RHB David Young
|
0-0: Called Strike Barrfhionn O'Toole steals 3rd base (no throw) 0-1: SINGLE (Groundball, 6M, EV 109.4 MPH) (infield hit) Barrfhionn O'Toole scores
|
|
Batting: RHB Roberto Martinez
|
0-0: Called Strike 0-1: Ball 1-1: Called Strike 1-2: Grounds into double play, 6-4-3 (Groundball, 6, EV 98.8 MPH)
|
|
Batting: RHB Jose Pineda
|
0-0: Ball 1-0: Swinging Strike 1-1: Ball 2-1: DOUBLE (Line Drive, 9LS, EV 111.9 MPH)
|
|
Batting: RHB Bjoern Waltersson
|
0-0: SINGLE (Groundball, 56D, EV 96.9 MPH) Jose Pineda to third Runner from 3rd tries for Home, SAFE, throw by LF to home
|
|
Batting: RHB Jasper Burd
|
0-0: Ball 1-0: Called Strike 1-1: Called Strike 1-2: Ball Bjoern Waltersson steals 2nd base 2-2: Foul Ball, location: 2F 2-2: Ground out 3-1 (Groundball, 34, EV 110.6 MPH)
|
| Bottom of the 3rd over - 2 runs, 4 hits, 0 errors, 1 left on base; Trenton 0 - Arkansas 2 |
| TOP OF THE 4TH |
|
Trenton Thunder batting - Pitching for Arkansas Travelers : RHP Robbie Delgado
|
|
Batting: RHB Ryan Alban
|
0-0: Ball 1-0: Called Strike 1-1: Foul Ball, location: 2F 1-2: Ball 2-2: Strikes out looking
|
|
Batting: RHB Jeremy Lewis
|
0-0: Called Strike 0-1: Hit by Pitch
|
|
Batting: SHB Bobby Reynolds
|
0-0: Ball 1-0: Called Strike 1-1: Called Strike 1-2: Ball 2-2: DOUBLE (Line Drive, 9LM, EV 104.4 MPH) Jeremy Lewis to third
|
|
Batting: RHB Stu Rancourt
|
0-0: Called Strike 0-1: Called Strike 0-2: Ball 1-2: Ball 2-2: Strikes out looking
|
|
Batting: RHB Alex Harvey
|
0-0: Ball 1-0: Ground out 6-3 (Groundball, 6S, EV 81.9 MPH)
|
| Top of the 4th over - 0 runs, 1 hit, 0 errors, 2 left on base; Trenton 0 - Arkansas 2 |
| BOTTOM OF THE 4TH |
|
Arkansas Travelers batting - Pitching for Trenton Thunder : RHP Leo Kammerling
|
|
Batting: SHB Mario Padron
|
0-0: Ball 1-0: Ball 2-0: Ground out 2-3 (Groundball, 15S, EV 70.6 MPH)
|
|
Batting: LHB Matt Calitri
|
0-0: Called Strike 0-1: Swinging Strike 0-2: Ball 1-2: SOLO HOME RUN (Flyball, 9D, EV 101.9 MPH), Distance : 382 ft
|
|
Batting: LHB Tyler Meier
|
0-0: Called Strike 0-1: Ball 1-1: Ball 2-1: Ball 3-1: Called Strike 3-2: Base on Balls
|
|
Batting: LHB Barrfhionn O'Toole
|
0-0: Called Strike 0-1: 2-RUN HOME RUN (Line Drive, 9D, EV 96.3 MPH), Distance : 379 ft
|
|
Pitching: RHP Shamar McBride
|
|
|
Batting: RHB David Young
|
0-0: Ball 1-0: Fly out, F3 (Line Drive, 3, EV 66.3 MPH)
|
|
Batting: RHB Roberto Martinez
|
0-0: Ground out 1-3 (Groundball, 13S, EV 72.5 MPH)
|
| Bottom of the 4th over - 3 runs, 2 hits, 0 errors, 0 left on base; Trenton 0 - Arkansas 5 |
| TOP OF THE 5TH |
|
Trenton Thunder batting - Pitching for Arkansas Travelers : RHP Robbie Delgado
|
|
Batting: RHB Herb Craig
|
0-0: Ball 1-0: Ground out 4-3 (Groundball, 4M, EV 100.6 MPH)
|
|
Batting: RHB Jose Garza
|
0-0: Swinging Strike 0-1: Foul Ball, location: 2F 0-2: Ball 1-2: Foul Ball, location: 2F 1-2: Ball 2-2: Ball 3-2: Fly out, F9 (Flyball, 9S, EV 91.3 MPH)
|
|
Batting: LHB Frank Mullen
|
0-0: Ball 1-0: Ball 2-0: Called Strike 2-1: Ball 3-1: Base on Balls
|
|
Batting: SHB David Bantista
|
0-0: Ball 1-0: Fielders Choice at 2nd, 5-4 (Groundball, 5, EV 110.6 MPH)
|
| Top of the 5th over - 0 runs, 0 hits, 0 errors, 1 left on base; Trenton 0 - Arkansas 5 |
| BOTTOM OF THE 5TH |
|
Arkansas Travelers batting - Pitching for Trenton Thunder : RHP Shamar McBride
|
|
Batting: RHB Jose Pineda
|
0-0: Ball 1-0: Foul Ball, location: 2F 1-1: Ball 2-1: Fly out, F2 (Popup, 23F, EV 70.6 MPH)
|
|
Batting: RHB Bjoern Waltersson
|
0-0: Foul Ball, location: 2F 0-1: Swinging Strike 0-2: TRIPLE (Flyball, 9LD, EV 106.3 MPH)
|
|
Batting: RHB Jasper Burd
|
0-0: Called Strike 0-1: Foul Ball, location: 2F 0-2: Ball 1-2: Foul Ball, location: 2F 1-2: Ball 2-2: Fly out, F4 (Flyball, 34D, EV 78.1 MPH)
|
|
Batting: SHB Mario Padron
|
0-0: Ball 1-0: Foul Ball, location: 2F 1-1: Ground out 4-3 (Groundball, 4, EV 85.0 MPH)
|
| Bottom of the 5th over - 0 runs, 1 hit, 0 errors, 1 left on base; Trenton 0 - Arkansas 5 |
| TOP OF THE 6TH |
|
Trenton Thunder batting - Pitching for Arkansas Travelers : RHP Robbie Delgado
|
|
Batting: RHB Ryan Alban
|
0-0: Called Strike 0-1: Foul Ball, location: 2F 0-2: Ball 1-2: SINGLE (Groundball, 6MD, EV 98.1 MPH)
|
|
Pitching: RHP Chad Baxter
|
|
|
Batting: RHB Jeremy Lewis
|
0-0: Called Strike 0-1: Ball 1-1: Ball 2-1: Grounds into double play, 6-4-3 (Groundball, 6, EV 76.9 MPH)
|
|
Batting: SHB Bobby Reynolds
|
0-0: Called Strike 0-1: Ball 1-1: Ball 2-1: Foul Ball, location: 2F 2-2: Ball 3-2: Strikes out swinging
|
| Top of the 6th over - 0 runs, 1 hit, 0 errors, 0 left on base; Trenton 0 - Arkansas 5 |
| BOTTOM OF THE 6TH |
|
Arkansas Travelers batting - Pitching for Trenton Thunder : RHP Shamar McBride
|
|
Batting: LHB Matt Calitri
|
0-0: Ground out 1-3 (Groundball, 23, EV 69.4 MPH)
|
|
Batting: LHB Tyler Meier
|
0-0: Called Strike 0-1: Ball 1-1: Reached on error, E8 (Flyball, 78M, EV 76.9 MPH)
|
|
Batting: LHB Barrfhionn O'Toole
|
0-0: Ball 1-0: Called Strike 1-1: Swinging Strike 1-2: Ball Tyler Meier steals 2nd, throwing error, E2 Tyler Meier to third 2-2: DOUBLE (Line Drive, 7LS, EV 107.5 MPH) Tyler Meier scores
|
|
Batting: RHB David Young
|
0-0: Swinging Strike 0-1: Ground out 4-3 (Groundball, 4M, EV 87.5 MPH) Barrfhionn O'Toole to third
|
|
Batting: RHB Roberto Martinez
|
0-0: Ball 1-0: Ball 2-0: Ground out 6-3 (Groundball, 6, EV 86.3 MPH)
|
| Bottom of the 6th over - 1 run, 1 hit, 2 errors, 1 left on base; Trenton 0 - Arkansas 6 |
| TOP OF THE 7TH |
|
Trenton Thunder batting - Pitching for Arkansas Travelers : RHP Chad Baxter
|
|
Batting: RHB Stu Rancourt
|
0-0: Ball 1-0: Fly out, F8 (Flyball, 8RM, EV 82.5 MPH)
|
|
Batting: RHB Alex Harvey
|
0-0: Foul Ball, location: 2F 0-1: Called Strike 0-2: Ball 1-2: Foul Ball, location: 2F 1-2: Foul Ball, location: 2F 1-2: Foul Ball, location: 2F 1-2: Ball 2-2: Ball 3-2: DOUBLE (Flyball, 78XD, EV 107.5 MPH)
|
|
Batting: RHB Herb Craig
|
0-0: Ball 1-0: Ball 2-0: Ball 3-0: Called Strike 3-1: SINGLE (Flyball, 3D, EV 90.0 MPH) Alex Harvey to third
|
|
Batting: RHB Jose Garza
|
0-0: Ball 1-0: Called Strike 1-1: SINGLE (Groundball, 6S, EV 69.4 MPH) (infield hit) Alex Harvey scores Herb Craig to second
|
|
Batting: LHB Frank Mullen
|
0-0: Ball 1-0: Ball 2-0: Called Strike 2-1: Ball 3-1: Base on Balls Herb Craig to third Jose Garza to second
|
|
Batting: SHB David Bantista
|
0-0: Ball 1-0: Called Strike 1-1: Ball 2-1: Foul Ball, location: 2F 2-2: Foul Ball, location: 2F 2-2: Strikes out swinging
|
|
Pitching: RHP Mike Guidroz
|
|
|
Batting: RHB Ryan Alban
|
0-0: Called Strike 0-1: Foul Ball, location: 2F 0-2: Strikes out swinging
|
| Top of the 7th over - 1 run, 3 hits, 0 errors, 3 left on base; Trenton 1 - Arkansas 6 |
| BOTTOM OF THE 7TH |
|
Arkansas Travelers batting - Pitching for Trenton Thunder : RHP Shamar McBride
|
|
Batting: RHB Jose Pineda
|
0-0: Ball 1-0: Ball 2-0: Ball 3-0: Called Strike 3-1: Called Strike 3-2: Strikes out looking
|
|
Batting: RHB Bjoern Waltersson
|
0-0: Called Strike 0-1: Foul Ball, location: 2F 0-2: Strikes out swinging
|
|
Batting: RHB Jasper Burd
|
0-0: Called Strike 0-1: Called Strike 0-2: Ball 1-2: Ball 2-2: Foul Ball, location: 2F 2-2: Ball 3-2: Base on Balls
|
|
Pitching: RHP Nick Howard
|
|
|
Batting: SHB Mario Padron
|
0-0: Called Strike 0-1: Fly out, F7 (Flyball, 78M, EV 91.3 MPH)
|
| Bottom of the 7th over - 0 runs, 0 hits, 0 errors, 1 left on base; Trenton 1 - Arkansas 6 |
| TOP OF THE 8TH |
|
Trenton Thunder batting - Pitching for Arkansas Travelers : RHP Mike Guidroz
|
|
Batting: RHB Jeremy Lewis
|
0-0: Ball 1-0: SINGLE (Groundball, 25, EV 70.6 MPH) (infield hit)
|
|
Batting: SHB Bobby Reynolds
|
0-0: Called Strike 0-1: Ball 1-1: Grounds into double play, 1-6-3 (Groundball, 34S, EV 72.5 MPH)
|
|
Batting: RHB Stu Rancourt
|
0-0: Ball 1-0: Ball 2-0: Called Strike 2-1: Ground out 6-3 (Groundball, 6, EV 104.4 MPH)
|
| Top of the 8th over - 0 runs, 1 hit, 0 errors, 0 left on base; Trenton 1 - Arkansas 6 |
| BOTTOM OF THE 8TH |
|
Arkansas Travelers batting - Pitching for Trenton Thunder : RHP Nick Howard
|
|
Batting: LHB Matt Calitri
|
0-0: Ball 1-0: Called Strike 1-1: Ground out 5-3 (Groundball, 56, EV 90.6 MPH)
|
|
Batting: LHB Tyler Meier
|
0-0: Called Strike 0-1: Swinging Strike 0-2: Foul Ball, location: 2F 0-2: Ball 1-2: Ball 2-2: Ball 3-2: Foul Ball, location: 2F 3-2: Foul Ball, location: 2F 3-2: Ground out U3 (Groundball, 3L, EV 86.3 MPH)
|
|
Batting: LHB Barrfhionn O'Toole
|
0-0: SINGLE (Line Drive, 56D, EV 95.0 MPH)
|
|
Batting: RHB David Young
|
0-0: Ball Barrfhionn O'Toole steals 2nd base 1-0: Called Strike 1-1: Ball 2-1: Ball 3-1: Fly out, F7 (Flyball, 7LS, EV 86.3 MPH)
|
| Bottom of the 8th over - 0 runs, 1 hit, 0 errors, 1 left on base; Trenton 1 - Arkansas 6 |
| TOP OF THE 9TH |
|
Trenton Thunder batting - Pitching for Arkansas Travelers : RHP Mike Guidroz
|
|
Batting: RHB Alex Harvey
|
0-0: Called Strike 0-1: Swinging Strike 0-2: Ball 1-2: Foul Ball, location: 2F 1-2: SINGLE (Groundball, 6MD, EV 106.3 MPH)
|
|
Batting: RHB Herb Craig
|
0-0: Ball 1-0: Ball 2-0: Called Strike 2-1: DOUBLE (Flyball, 89XD, EV 96.3 MPH) Alex Harvey to third
|
|
Batting: RHB Jose Garza
|
0-0: Fly out, F7 (Flyball, 7, EV 90.0 MPH)
|
|
Batting: LHB Frank Mullen
|
0-0: Ball 1-0: Ball 2-0: Ball 3-0: Called Strike 3-1: Base on Balls
|
|
Pitching: RHP Harambe Vick
|
|
|
Batting: SHB David Bantista
|
0-0: Swinging Strike 0-1: Foul Ball, location: 2F 0-2: Ball 1-2: Ball 2-2: Strikes out swinging
|
|
Batting: RHB Ryan Alban
|
0-0: Called Strike 0-1: Ball 1-1: Foul Ball, location: 2F 1-2: Strikes out swinging
|
| Top of the 9th over - 0 runs, 2 hits, 0 errors, 3 left on base; Trenton 1 - Arkansas 6 |
|